[Event "11th LCC FIDE Open 2019"]
[Site "London"]
[Date "2019.12.03"]
[Round "6.52"]
[White "Kuzhelev, Timur"]
[Black "Coote, Trevor D"]
[Result "1-0"]
[ECO "C01"]
[WhiteElo "1716"]
[BlackElo "2075"]
[Annotator "NA RC"]
[PlyCount "116"]
[EventDate "2019.11.29"]
[EventType "swiss"]
[EventCountry "ENG"]
[SourceTitle "playchess.com"]
[Source "ChessBase"]
[SourceQuality "1"]
[TimeControl "40/5400+30:1800+30"]

1. e4 e6 2. d4 d5 3. exd5 exd5 4. c4 Nf6 5. Nc3 Be7 6. Nf3 O-O 7. Be2 Nc6 8. O-O Bg4 9. cxd5 Nxd5 10. h3 {[%emt 0:02:51] C01: French: Exchange Variation} Be6 11. Bd3 Bf6 12. Be3 g6 $146 ({Predecessor:} 12... Nce7 13. Ne4 Bf5 14. Qb3 Bxe4 15. Bxe4 {½-½ (29) Sokolov,A (2520)-Zaharov,A (2305) Novgorod 1995}) 13. Ne4 Bg7 14. Nc5 Qc8 15. Re1 Re8 16. Bb5 a6 17. Bxc6 bxc6 18. Ne5 Bxe5 19. dxe5 Rb8 20. b3 Rb4 21. Qf3 Rh4 22. Bg5 Rh5 23. Nxe6 Qxe6 24. h4 Qf5 25. Qxf5 gxf5 26. g3 Re6 27. f3 Rg6 28. g4 fxg4 29. fxg4 Rxh4 30. Bxh4 Rxg4+ 31. Kf2 Rxh4 32. e6 fxe6 33. Rxe6 Rh2+ 34. Kg3 Rc2 35. Rf1 a5 36. a4 Kg7 37. Rf3 Rc1 38. Kh3 Rh1+ 39. Kg2 Rc1 40. Rg3+ Kf7 41. Rh6 Rc2+ 42. Kf1 Ke7 43. Rg7+ Kd8 44. Rhxh7 Kc8 45. Rg8+ Kb7 46. Rhh8 Nb6 $1 47. Rh3 c5 $1 48. Rg5 Kc6 49. Ke1 c4 50. Rh6+ Kb7 51. b4 axb4 52. a5 b3 $11 53. Kd1 Na4 54. a6+ Ka7 55. Rg7 Nc3+ 56. Ke1 Re2+ 57. Kf1 Rc2 58. Ke1 Nb5 1-0

[Event "11th LCC FIDE Open 2019"]
[Site "London"]
[Date "2019.12.03"]
[Round "6.53"]
[White "Ciocan, Maria-Alexandra"]
[Black "Jacobs, Robert"]
[Result "1-0"]
[ECO "B30"]
[WhiteElo "2058"]
[BlackElo "1935"]
[Annotator "NA"]
[PlyCount "51"]
[EventDate "2019.11.29"]
[EventType "swiss"]
[EventCountry "ENG"]
[SourceTitle "playchess.com"]
[Source "ChessBase"]
[SourceQuality "1"]
[TimeControl "40/5400+30:1800+30"]

1. e4 c5 2. Nf3 Nc6 3. Bb5 e6 4. O-O Nge7 5. c3 a6 6. Ba4 b5 7. Bc2 Qc7 8. d4 cxd4 9. cxd4 d5 10. Nc3 Nb4 11. Bb3 Bb7 12. Ne5 Ng6 13. a3 dxe4 14. axb4 Nxe5 15. dxe5 Qxe5 16. g3 Bxb4 17. Bf4 Qf5 18. Nxb5 O-O 19. Nd6 Bxd6 20. Qxd6 Rfd8 21. Qe5 Qg4 22. Be3 Bc6 23. Bc4 h5 24. Qg5 Qh3 25. Rxa6 Rxa6 26. Qxd8+ 1-0

[Event "11th LCC FIDE Open 2019"]
[Site "London"]
[Date "2019.12.03"]
[Round "6.54"]
[White "Rushbrooke, Remy"]
[Black "Saidmurodov, Shahjahon"]
[Result "0-1"]
[ECO "B06"]
[WhiteElo "2053"]
[BlackElo "1812"]
[Annotator "NA"]
[PlyCount "64"]
[EventDate "2019.11.29"]
[EventType "swiss"]
[EventCountry "ENG"]
[SourceTitle "playchess.com"]
[Source "ChessBase"]
[SourceQuality "1"]
[TimeControl "40/5400+30:1800+30"]

1. d4 c6 2. e4 d6 3. f4 g6 4. Nc3 Bg7 5. Nf3 Bg4 6. Be3 Qb6 7. Rb1 Nd7 8. Be2 Bxf3 9. Bxf3 e5 10. O-O Ne7 11. Ne2 f5 12. Bf2 Qc7 13. fxe5 dxe5 14. d5 cxd5 15. exd5 Qd6 16. Nc3 a6 17. Be2 O-O 18. Bc4 e4 19. a3 Be5 20. h3 b5 21. Bb3 Nf6 22. Qe1 Kg7 23. g3 g5 24. Rd1 Rac8 25. Kg2 Rxc3 26. bxc3 f4 27. Bd4 f3+ 28. Kh2 Bxd4 29. cxd4 Nf5 30. Qf2 Nh6 31. Qd2 e3 32. Qb4 Qxb4 0-1

[Event "11th LCC FIDE Open 2019"]
[Site "London"]
[Date "2019.12.03"]
[Round "6.55"]
[White "Chilton, James I"]
[Black "Ho, Conrad"]
[Result "0-1"]
[ECO "B07"]
[WhiteElo "1711"]
[BlackElo "2046"]
[Annotator "NA"]
[PlyCount "52"]
[EventDate "2019.11.29"]
[EventType "swiss"]
[EventCountry "ENG"]
[SourceTitle "playchess.com"]
[Source "ChessBase"]
[SourceQuality "1"]
[TimeControl "40/5400+30:1800+30"]

1. e4 d6 2. d4 Nf6 3. Nc3 e5 4. dxe5 dxe5 5. Qxd8+ Kxd8 6. Bg5 Be6 7. O-O-O+ Nbd7 8. Nf3 Kc8 9. Bb5 c6 10. Be2 Bb4 11. Bxf6 gxf6 12. a3 Bxc3 13. bxc3 Nc5 14. Bd3 Kc7 15. Rd2 Rad8 16. Rhd1 Rd7 17. Nh4 Rhd8 18. Nf5 Na4 19. c4 Nc3 20. Re1 Nxe4 21. Rde2 Nc3 22. Re3 e4 23. Bf1 Rd1+ 24. Kb2 Na4+ 25. Kb3 Nc5+ 26. Kb4 Na6+ 0-1

[Event "11th LCC FIDE Open 2019"]
[Site "London"]
[Date "2019.12.03"]
[Round "6.56"]
[White "Taylor, William J"]
[Black "Hughes, Anthony"]
[Result "1-0"]
[ECO "B03"]
[WhiteElo "1993"]
[BlackElo "1874"]
[Annotator "NA"]
[PlyCount "56"]
[EventDate "2019.11.29"]
[EventType "swiss"]
[EventCountry "ENG"]
[SourceTitle "playchess.com"]
[Source "ChessBase"]
[SourceQuality "1"]
[TimeControl "40/5400+30:1800+30"]

1. e4 Nf6 2. e5 Nd5 3. d4 d6 4. c4 Nb6 5. exd6 cxd6 6. Nc3 g6 7. Be3 Bg7 8. Rc1 O-O 9. b3 Nc6 10. d5 Ne5 11. h3 a5 12. f4 Ned7 13. Nf3 Nc5 14. Be2 Bxc3+ 15. Rxc3 Ne4 16. Rc1 Ng3 17. Rg1 e5 18. dxe6 Re8 19. Qd4 Rxe6 20. Bd3 Nf5 21. Bxf5 gxf5 22. Kf2 Nd7 23. g4 Rf6 24. gxf5+ Kf8 25. Ng5 Ke7 26. Qe4+ Ne5 27. fxe5 Rxf5+ 28. Nf3 Rxe5 1-0

[Event "11th LCC FIDE Open 2019"]
[Site "London"]
[Date "2019.12.04"]
[Round "7.3"]
[White "Flear, Glenn C"]
[Black "Song, Raymond"]
[Result "1/2-1/2"]
[ECO "D38"]
[WhiteElo "2463"]
[BlackElo "2468"]
[Annotator "ChessBase"]
[PlyCount "185"]
[EventDate "2019.11.29"]
[EventType "swiss"]
[EventCountry "ENG"]
[SourceTitle "playchess.com"]
[Source "ChessBase"]
[SourceQuality "1"]
[TimeControl "40/5400+30:1800+30"]

1. d4 Nf6 2. c4 e6 3. Nf3 d5 4. Nc3 Bb4 5. Qa4+ Nc6 6. e3 O-O 7. Qc2 Ne7 8. Bd2 b6 9. Nb5 c5 10. dxc5 bxc5 11. cxd5 Nexd5 12. Be2 Bxd2+ 13. Nxd2 Nb4 14. Qc3 Ba6 15. O-O Rb8 16. a4 Qe7 17. Rfc1 Rfc8 18. Bf1 e5 19. Nc4 e4 20. Qe5 Qxe5 21. Nxe5 Bxb5 22. axb5 Rb7 23. Bc4 Rcc7 24. Rxa7 Rxa7 25. b6 Kf8 26. bxa7 Rxa7 27. Nxf7 Rxf7 28. Bxf7 Nd3 29. Rc3 Kxf7 30. f3 Nd5 31. Rc4 exf3 32. gxf3 Nxb2 33. Rxc5 Nxe3 34. Rc7+ Kf6 35. Rc6+ Ke5 36. Rc7 Nf5 37. Rb7 Nd3 38. Rd7 Nc5 39. Rc7 Ne6 40. Ra7 Kf4 41. Kf2 Ned4 42. Ra4 Kg5 43. Rb4 Ne6 44. Rg4+ Kf6 45. Ra4 g6 46. Ra7 h6 47. Ra4 Nfd4 48. Ra6 Kg5 49. Kg3 Nf5+ 50. Kf2 Nf4 51. Ra4 h5 52. Re4 Nd3+ 53. Kg2 Nc5 54. Re5 Nd3 55. Re4 Kf6 56. Kf1 Ne5 57. Ke2 Ng7 58. Rf4+ Ke6 59. Ra4 Kf5 60. Ra5 Ne6 61. Ke3 Kf6 62. Ra6 Nd7 63. Rd6 Ke7 64. Ra6 Ndc5 65. Rb6 Kf6 66. Rb4 Kg5 67. Rc4 Nd7 68. Ra4 Nb6 69. Re4 Nd5+ 70. Kf2 Nef4 71. Kg3 Nd3 72. Ra4 N5f4 73. Ra5+ Kf6 74. Ra6+ Kf5 75. Ra5+ Ne5 76. Kf2 Kf6 77. Rb5 Ne6 78. Rd5 Ng5 79. f4 Ng4+ 80. Kg3 Ne6 81. h3 Ne3 82. Ra5 Nf5+ 83. Kf3 Nfd4+ 84. Ke3 Nb3 85. Rd5 Nbc5 86. Kf3 Na6 87. Ke3 Nb4 88. Ra5 Nc2+ 89. Ke4 Ncd4 90. Ke3 Nf5+ 91. Kf3 Ned4+ 92. Ke4 Ne6 93. Kf3 {[%emt 0:01:29] Ke5 Ke4+} 1/2-1/2

[Event "11th LCC FIDE Open 2019"]
[Site "London"]
[Date "2019.12.04"]
[Round "7.6"]
[White "Kirk, Ezra"]
[Black "Gordon, Stephen J"]
[Result "0-1"]
[ECO "B81"]
[WhiteElo "2433"]
[BlackElo "2505"]
[Annotator "RC"]
[PlyCount "144"]
[EventDate "2019.11.29"]
[EventType "swiss"]
[EventCountry "ENG"]
[SourceTitle "playchess.com"]
[Source "ChessBase"]
[SourceQuality "1"]
[TimeControl "40/5400+30:1800+30"]

1. e4 c5 2. Nf3 d6 3. d4 cxd4 4. Nxd4 Nf6 5. Nc3 a6 6. h3 e6 7. g4 Nfd7 8. Be3 b5 9. a3 Be7 10. g5 Bb7 11. h4 Nc6 12. f4 O-O 13. Rh3 Re8 14. Nxc6 Bxc6 15. f5 Ne5 16. f6 gxf6 17. Qh5 Kh8 18. O-O-O Rg8 19. Bd4 Qe8 20. Kb1 Rg6 21. Bd3 Qg8 22. Rdh1 Qg7 23. Ne2 Kg8 24. Nf4 Nxd3 25. cxd3 e5 26. Nxg6 fxg6 27. Qd1 exd4 28. h5 Be8 29. hxg6 Bxg6 30. gxf6 Bxf6 31. Qc2 Rd8 32. Qc6 Qd7 33. Qxa6 Bg7 34. Rg3 Rc8 35. Rg5 Be5 36. Qa5 Qd8 37. Qd2 Qf6 38. Qg2 Rf8 39. Qg4 Rd8 40. Rf5 Qg7 41. Rg5 Rf8 42. Rg1 Kh8 43. Rh1 Rg8 44. Rg1 Qf7 45. Qh3 Qe8 46. Qf3 Qe6 47. Qh1 b4 48. axb4 Ra8 49. Rxg6 Qa2+ 50. Kc2 Rc8+ 51. Kd1 Qxb2 52. Qh6 Ra8 53. Rg8+ Rxg8 54. Rxg8+ Kxg8 55. Qg5+ Kf7 56. Qf5+ Ke7 57. Qxh7+ Kd8 58. Qg8+ Kc7 59. Qc4+ Kb6 60. Qc8 Qb1+ 61. Ke2 Qa2+ 62. Kd1 Qa6 63. Qc2 Qa1+ 64. Ke2 Qg1 65. Qc4 Qe3+ 66. Kf1 Bg3 67. Qc2 Qf3+ 68. Kg1 Bf4 69. Qb3 Be3+ 70. Kh2 Bf4+ 71. Kg1 Qg3+ 72. Kf1 Be3 0-1

[Event "11th LCC FIDE Open 2019"]
[Site "London"]
[Date "2019.12.04"]
[Round "7.7"]
[White "Merry, Alan B"]
[Black "Petrov, Martin"]
[Result "1/2-1/2"]
[ECO "A33"]
[WhiteElo "2426"]
[BlackElo "2497"]
[Annotator "ChessBase"]
[PlyCount "104"]
[EventDate "2019.11.29"]
[EventType "swiss"]
[EventCountry "ENG"]
[SourceTitle "playchess.com"]
[Source "ChessBase"]
[SourceQuality "1"]
[TimeControl "40/5400+30:1800+30"]

1. c4 c5 2. Nf3 Nc6 3. d4 cxd4 4. Nxd4 Nf6 5. Nc3 e6 6. a3 Be7 7. e4 O-O 8. Nf3 Qc7 9. Be2 b6 10. Bg5 Bb7 11. Rc1 Rac8 12. O-O Qb8 13. Bh4 Rfd8 14. h3 d6 15. b4 Ne5 16. Nxe5 dxe5 17. Qb3 Kf8 18. f3 Nh5 19. Bxe7+ Kxe7 20. Rfd1 Rd4 21. Nb5 Rxd1+ 22. Rxd1 Rd8 23. Rxd8 Qxd8 24. Qd3 Qb8 25. Nc3 Bc6 26. Bf1 Qd6 27. Qxd6+ Kxd6 28. Kf2 g6 29. h4 f5 30. g3 Nf6 31. Bd3 Bd7 32. Ke3 Nh5 33. g4 Nf4 34. Bf1 Bc6 35. Nb1 Ba4 36. Nd2 Kc6 37. c5 b5 38. Nb1 Bb3 39. Nc3 a6 40. g5 Bc4 41. Bxc4 bxc4 42. Ne2 Nd3 43. Kd2 a5 44. Nc1 Nxb4 45. axb4 axb4 46. Kc2 f4 47. Ne2 Kxc5 48. Kb2 Kb5 49. Kc2 Ka4 50. Kb2 Ka5 51. Ng1 Ka4 52. Ne2 Kb5 1/2-1/2

[Event "11th LCC FIDE Open 2019"]
[Site "London"]
[Date "2019.12.04"]
[Round "7.8"]
[White "Gormally, Daniel W"]
[Black "Bates, Richard A"]
[Result "1-0"]
[ECO "B90"]
[WhiteElo "2491"]
[BlackElo "2342"]
[Annotator "ChessBase"]
[PlyCount "71"]
[EventDate "2019.11.29"]
[EventType "swiss"]
[EventCountry "ENG"]
[SourceTitle "playchess.com"]
[Source "ChessBase"]
[SourceQuality "1"]
[TimeControl "40/5400+30:1800+30"]

1. e4 c5 2. Nf3 d6 3. d4 cxd4 4. Nxd4 Nf6 5. Nc3 a6 6. Be3 e5 7. Nb3 Be6 8. f3 h5 9. Qd2 Nbd7 10. Nd5 Bxd5 11. exd5 Qc7 12. c4 a5 13. a4 g6 14. Bd3 b6 15. O-O Nc5 16. Nxc5 bxc5 17. f4 e4 18. Be2 Bg7 19. f5 O-O 20. Rab1 Rae8 21. Qe1 Nh7 22. Kh1 Kh8 23. Bd2 Qd7 24. b3 gxf5 25. Qh4 Bd4 26. Qxh5 f4 27. Rxf4 f5 28. Rbf1 Re5 29. g4 Qb7 30. g5 Kg8 31. g6 Nf6 32. Rxf5 Rxf5 33. Qxf5 Qxb3 34. Qe6+ Kg7 35. Qe7+ Kg8 36. Bh6 1-0

[Event "11th LCC FIDE Open 2019"]
[Site "London"]
[Date "2019.12.04"]
[Round "7.9"]
[White "Gschnitzer, Adrian"]
[Black "Arkell, Keith C"]
[Result "0-1"]
[ECO "B01"]
[WhiteElo "2422"]
[BlackElo "2445"]
[Annotator "NA"]
[PlyCount "108"]
[EventDate "2019.11.29"]
[EventType "swiss"]
[EventCountry "ENG"]
[SourceTitle "playchess.com"]
[Source "ChessBase"]
[SourceQuality "1"]
[TimeControl "40/5400+30:1800+30"]

1. e4 d5 2. exd5 Qxd5 3. Nc3 Qd8 4. d4 Nf6 5. Nf3 Bg4 6. h3 Bxf3 7. Qxf3 c6 8. Be3 e6 9. O-O-O Bb4 10. Bg5 Bxc3 11. Qxc3 Ne4 12. Bxd8 Nxc3 13. bxc3 Kxd8 14. f4 Nd7 15. g4 h5 16. Be2 hxg4 17. hxg4 Ke7 18. Kd2 Nf6 19. Bf3 Nd5 20. Bxd5 cxd5 21. Rb1 b6 22. Kd3 Rac8 23. g5 Rxh1 24. Rxh1 Rc4 25. Kd2 Ra4 26. Rh8 Rxa2 27. Rb8 g6 28. Ra8 Ra1 29. Ke2 b5 30. Kd2 a5 31. Ke2 a4 32. Ra7+ Kf8 33. Ra8+ Kg7 34. Ra5 Rb1 35. Kd2 Kh7 36. Ke2 Kg8 37. Ra8+ Kg7 38. Ra5 f5 39. Ra7+ Kf8 40. Rb7 a3 41. Ra7 Ra1 42. Kd2 Ke8 43. Ra5 a2 44. Ra7 Kd8 45. Ke2 Kc8 46. Kf2 Kb8 47. Ra5 Kc7 48. Kg2 Kb6 49. Ra8 b4 50. cxb4 Kb5 51. c3 Kc4 52. Ra3 Kd3 53. b5 Ke4 54. b6 Kxf4 0-1

[Event "11th LCC FIDE Open 2019"]
[Site "London"]
[Date "2019.12.04"]
[Round "7.10"]
[White "Vaishali R"]
[Black "Hebden, Mark L"]
[Result "1-0"]
[ECO "C55"]
[WhiteElo "2376"]
[BlackElo "2436"]
[Annotator "NA"]
[PlyCount "79"]
[EventDate "2019.11.29"]
[EventType "swiss"]
[EventCountry "ENG"]
[SourceTitle "playchess.com"]
[Source "ChessBase"]
[SourceQuality "1"]
[TimeControl "40/5400+30:1800+30"]

1. e4 e5 2. Nf3 Nc6 3. Bc4 Nf6 4. d3 Be7 5. O-O O-O 6. Re1 d6 7. a3 Be6 8. Nbd2 Qd7 9. b4 a6 10. Bb2 Rfe8 11. Bxe6 Qxe6 12. c4 Bf8 13. Nf1 g6 14. Ne3 Bg7 15. b5 Nb8 16. a4 Nbd7 17. Nd5 Rec8 18. Bc3 c6 19. Nxf6+ Bxf6 20. bxc6 bxc6 21. Rb1 d5 22. exd5 cxd5 23. Nd2 Qf5 24. Nf1 Bh4 25. g3 Bg5 26. h4 Bh6 27. Rb7 d4 28. Bxd4 exd4 29. g4 Qf4 30. Rxd7 Re8 31. Rxe8+ Rxe8 32. Kg2 f5 33. Nh2 Bg7 34. gxf5 Qxf5 35. Rd5 Qe6 36. Qg4 Qe1 37. h5 Qd2 38. Qg3 Rf8 39. hxg6 hxg6 40. Rd6 1-0

[Event "11th LCC FIDE Open 2019"]
[Site "London"]
[Date "2019.12.04"]
[Round "7.11"]
[White "Fodor, Tamas Jr."]
[Black "Van Zyl-Rudd, Jack"]
[Result "1/2-1/2"]
[ECO "D41"]
[WhiteElo "2533"]
[BlackElo "2290"]
[Annotator "ChessBase"]
[PlyCount "50"]
[EventDate "2019.11.29"]
[EventType "swiss"]
[EventCountry "ENG"]
[SourceTitle "playchess.com"]
[Source "ChessBase"]
[SourceQuality "1"]
[TimeControl "40/5400+30:1800+30"]

1. d4 d5 2. c4 e6 3. Nc3 Nf6 4. cxd5 Nxd5 5. e4 Nxc3 6. bxc3 c5 7. Nf3 cxd4 8. cxd4 Bb4+ 9. Bd2 Bxd2+ 10. Qxd2 O-O 11. Bb5 b6 12. O-O Bb7 13. Qe3 Nc6 14. Rfd1 Qf6 15. Rac1 Rac8 16. d5 Ne5 17. Rxc8 Rxc8 18. d6 Nxf3+ 19. gxf3 Qe5 20. d7 Rd8 21. Qa3 h6 22. Bf1 Bc6 23. Qxa7 Qg5+ 24. Kh1 Qf4 25. Be2 Bxe4 1/2-1/2

[Event "11th LCC FIDE Open 2019"]
[Site "London"]
[Date "2019.12.04"]
[Round "7.12"]
[White "Cumming, Rhys"]
[Black "Clarke, Brandon Gi"]
[Result "1-0"]
[ECO "A65"]
[WhiteElo "2284"]
[BlackElo "2431"]
[Annotator "NA"]
[PlyCount "89"]
[EventDate "2019.11.29"]
[EventType "swiss"]
[EventCountry "ENG"]
[SourceTitle "playchess.com"]
[Source "ChessBase"]
[SourceQuality "1"]
[TimeControl "40/5400+30:1800+30"]

1. d4 Nf6 2. c4 g6 3. Nc3 Bg7 4. e4 d6 5. f3 O-O 6. Bg5 c5 7. d5 h6 8. Be3 e6 9. Qd2 exd5 10. cxd5 Re8 11. Nge2 Nbd7 12. Nc1 a6 13. Be2 b5 14. O-O Kh7 15. Nd3 Nb6 16. Nf2 b4 17. Ncd1 a5 18. a3 Bb7 19. Bb5 Re7 20. axb4 axb4 21. Rxa8 Qxa8 22. Bf4 Qd8 23. h3 Ne8 24. Ne3 Nc7 25. Bd3 Rd7 26. Nc4 Nxc4 27. Bxc4 Qf6 28. Ra1 g5 29. Bg3 Qxb2 30. Qxb2 Bxb2 31. Ra7 Bc8 32. e5 Bd4 33. exd6 Nb5 34. Ra8 Na7 35. Bd3+ Kg7 36. Bf5 c4 37. Rxc8 Nxc8 38. Bxd7 b3 39. Bxc8 c3 40. d7 c2 41. d8=Q c1=Q+ 42. Kh2 b2 43. Bf5 Qe1 44. Qb8 h5 45. Be4 1-0

[Event "11th LCC FIDE Open 2019"]
[Site "London"]
[Date "2019.12.04"]
[Round "7.14"]
[White "McDonald, Neil"]
[Black "Czerw, Dawid"]
[Result "1-0"]
[ECO "B48"]
[WhiteElo "2412"]
[BlackElo "2255"]
[Annotator "NA"]
[PlyCount "45"]
[EventDate "2019.11.29"]
[EventType "swiss"]
[EventCountry "ENG"]
[SourceTitle "playchess.com"]
[Source "ChessBase"]
[SourceQuality "1"]
[TimeControl "40/5400+30:1800+30"]

1. e4 c5 2. Nf3 e6 3. d4 cxd4 4. Nxd4 Nc6 5. Nc3 Qc7 6. Be3 a6 7. Qd2 Nf6 8. O-O-O Bb4 9. f3 O-O 10. a3 Be7 11. g4 b5 12. g5 Nh5 13. Be2 Ne5 14. Nf5 Bc5 15. Bxc5 Qxc5 16. f4 Nc4 17. Bxc4 Qxc4 18. Ng3 g6 19. Nxh5 gxh5 20. f5 Bb7 21. g6 hxg6 22. Qh6 exf5 23. exf5 1-0

[Event "11th LCC FIDE Open 2019"]
[Site "London"]
[Date "2019.12.04"]
[Round "7.15"]
[White "Blackburn, Jonathan L B"]
[Black "Taylor, Adam C"]
[Result "1/2-1/2"]
[ECO "D86"]
[WhiteElo "2240"]
[BlackElo "2371"]
[Annotator "NA"]
[PlyCount "65"]
[EventDate "2019.11.29"]
[EventType "swiss"]
[EventCountry "ENG"]
[SourceTitle "playchess.com"]
[Source "ChessBase"]
[SourceQuality "1"]
[TimeControl "40/5400+30:1800+30"]

1. d4 Nf6 2. c4 g6 3. Nc3 d5 4. cxd5 Nxd5 5. e4 Nxc3 6. bxc3 Bg7 7. Bc4 c5 8. Ne2 O-O 9. Be3 cxd4 10. cxd4 Qa5+ 11. Qd2 Nc6 12. Rd1 Rd8 13. O-O b6 14. Qc2 Bb7 15. Qb3 e6 16. d5 exd5 17. Bxd5 Rd7 18. h3 Qb4 19. Qc2 Rc8 20. Rb1 Qe7 21. Qa4 Na5 22. Nf4 Rdc7 23. Bxb7 Rc4 24. Nd5 Qd6 25. Bf4 Qd8 26. Rb4 Rxb4 27. Qxb4 Bf8 28. Qd2 Nxb7 29. Be5 Rc6 30. Nf6+ Kh8 31. Ne8+ Kg8 32. Nf6+ Kh8 33. Ne8+ 1/2-1/2

[Event "11th LCC FIDE Open 2019"]
[Site "London"]
[Date "2019.12.04"]
[Round "7.16"]
[White "Beinoras, Mindaugas"]
[Black "Bukojemski, Adam"]
[Result "1/2-1/2"]
[ECO "A36"]
[WhiteElo "2350"]
[BlackElo "2211"]
[Annotator "NA"]
[PlyCount "76"]
[EventDate "2019.11.29"]
[EventType "swiss"]
[EventCountry "ENG"]
[SourceTitle "playchess.com"]
[Source "ChessBase"]
[SourceQuality "1"]
[TimeControl "40/5400+30:1800+30"]

1. c4 Nf6 2. Nc3 g6 3. g3 Bg7 4. Bg2 c5 5. e4 Nc6 6. Nge2 d6 7. O-O h5 8. h3 e5 9. d3 Be6 10. f4 Qd7 11. fxe5 Nxe5 12. Nf4 O-O 13. Rb1 a6 14. a4 Rab8 15. Be3 Kh7 16. Kh1 Ne8 17. Qd2 Nc7 18. b4 b5 19. axb5 axb5 20. bxc5 dxc5 21. Bxc5 Rfd8 22. Ncd5 bxc4 23. Bb6 c3 24. Qe2 Bxd5 25. Nxd5 Nxd5 26. Bxd8 Nb4 27. Ba5 Nexd3 28. Bxb4 Rxb4 29. Rxb4 Nxb4 30. Qc4 Qd4 31. Qxf7 Nd3 32. Qc7 h4 33. e5 Kh6 34. gxh4 Nf2+ 35. Rxf2 Qxf2 36. Qxc3 Qf4 37. Qf3 Bxe5 38. Qxf4+ Bxf4 1/2-1/2

[Event "11th LCC FIDE Open 2019"]
[Site "London"]
[Date "2019.12.04"]
[Round "7.17"]
[White "Russell, Christopher"]
[Black "Paterek, Michal"]
[Result "1/2-1/2"]
[ECO "B11"]
[WhiteElo "2190"]
[BlackElo "2317"]
[Annotator "NA"]
[PlyCount "32"]
[EventDate "2019.11.29"]
[EventType "swiss"]
[EventCountry "ENG"]
[SourceTitle "playchess.com"]
[Source "ChessBase"]
[SourceQuality "1"]
[TimeControl "40/5400+30:1800+30"]

1. e4 c6 2. Nc3 d5 3. Nf3 Bg4 4. h3 Bxf3 5. Qxf3 Nf6 6. d4 dxe4 7. Qe3 g6 8. Nxe4 Bg7 9. Nxf6+ Bxf6 10. c3 Qd5 11. Be2 Nd7 12. O-O O-O 13. Bf3 Qd6 14. Rd1 Rad8 15. Qf4 Rfe8 16. Qxd6 exd6 1/2-1/2

[Event "11th LCC FIDE Open 2019"]
[Site "London"]
[Date "2019.12.04"]
[Round "7.19"]
[White "Villiers, Thomas"]
[Black "Risting, Eivind Olav"]
[Result "1/2-1/2"]
[ECO "A21"]
[WhiteElo "2145"]
[BlackElo "2298"]
[Annotator "NA"]
[PlyCount "25"]
[EventDate "2019.11.29"]
[EventType "swiss"]
[EventCountry "ENG"]
[SourceTitle "playchess.com"]
[Source "ChessBase"]
[SourceQuality "1"]
[TimeControl "40/5400+30:1800+30"]

1. c4 e5 2. Nc3 Bb4 3. Qc2 Nf6 4. a3 Be7 5. e3 O-O 6. Nge2 c6 7. g3 d5 8. d4 exd4 9. Nxd4 c5 10. Nf5 d4 11. Nxe7+ Qxe7 12. Nd5 Qe5 13. Bg2 1/2-1/2

[Event "11th LCC FIDE Open 2019"]
[Site "London"]
[Date "2019.12.04"]
[Round "7.20"]
[White "Wu, Li"]
[Black "Eche, Sylvain"]
[Result "1-0"]
[ECO "A16"]
[WhiteElo "2293"]
[BlackElo "2054"]
[Annotator "NA"]
[PlyCount "47"]
[EventDate "2019.11.29"]
[EventType "swiss"]
[EventCountry "ENG"]
[SourceTitle "playchess.com"]
[Source "ChessBase"]
[SourceQuality "1"]
[TimeControl "40/5400+30:1800+30"]

1. Nf3 Nf6 2. c4 g6 3. Nc3 d5 4. cxd5 Nxd5 5. e4 Nxc3 6. dxc3 Qxd1+ 7. Kxd1 Bg7 8. Bf4 c5 9. Kc2 O-O 10. a4 b6 11. a5 Bb7 12. Nd2 Nd7 13. Bb5 Nf6 14. a6 Bxe4+ 15. Nxe4 Nxe4 16. Bc6 Nxf2 17. Bxa8 Nxh1 18. Bf3 e5 19. Be3 f5 20. Bd5+ Kh8 21. Rxh1 e4 22. Bf4 Bf6 23. Bc7 Bd8 24. Bd6 1-0

[Event "11th LCC FIDE Open 2019"]
[Site "London"]
[Date "2019.12.04"]
[Round "7.21"]
[White "Royal, Shreyas"]
[Black "Zapolskis, Antanas"]
[Result "1-0"]
[ECO "B00"]
[WhiteElo "1941"]
[BlackElo "2280"]
[Annotator "NA"]
[PlyCount "105"]
[EventDate "2019.11.29"]
[EventType "swiss"]
[EventCountry "ENG"]
[SourceTitle "playchess.com"]
[Source "ChessBase"]
[SourceQuality "1"]
[TimeControl "40/5400+30:1800+30"]

1. d4 b5 2. e4 a6 3. Bd3 e6 4. Nf3 Bb7 5. c3 Nf6 6. Nbd2 d6 7. a4 bxa4 8. Qxa4+ Nbd7 9. O-O Be7 10. Qc2 h6 11. Nb3 Ra7 12. Na5 Ba8 13. Qe2 O-O 14. Ne1 c5 15. f3 cxd4 16. cxd4 Nb8 17. Be3 d5 18. e5 Ne8 19. f4 f5 20. exf6 Bxf6 21. Nf3 Nd6 22. Bg6 Nc6 23. Nb3 Qb6 24. Nc5 Nc4 25. Bf2 Nd8 26. b3 Na5 27. Qe1 Nac6 28. Nxe6 Re7 29. f5 Nb4 30. Nxf8 Rxe1 31. Raxe1 Bc6 32. Nh7 Bb5 33. Re3 Nd3 34. Nxf6+ gxf6 35. Bh4 Nf4 36. Rfe1 Nxg6 37. fxg6 Kg7 38. Re7+ Kxg6 39. Bf2 Nf7 40. Nh4+ Kg7 41. Nf5+ Kf8 42. R7e6 Qd8 43. Bh4 Ng5 44. Bxg5 hxg5 45. Rd6 Qa5 46. Rxf6+ Kg8 47. Re7 Qa1+ 48. Kf2 Qf1+ 49. Kg3 Qf4+ 50. Kh3 g4+ 51. Kh4 g3+ 52. Kh3 gxh2 53. Rg7+ 1-0

[Event "11th LCC FIDE Open 2019"]
[Site "London"]
[Date "2019.12.04"]
[Round "7.22"]
[White "Zujev, Oleg"]
[Black "Sedykh, Mikhail"]
[Result "1-0"]
[ECO "D36"]
[WhiteElo "2316"]
[BlackElo "2134"]
[Annotator "NA"]
[PlyCount "75"]
[EventDate "2019.11.29"]
[EventType "swiss"]
[EventCountry "ENG"]
[SourceTitle "playchess.com"]
[Source "ChessBase"]
[SourceQuality "1"]
[TimeControl "40/5400+30:1800+30"]

1. d4 d5 2. c4 e6 3. Nc3 Nf6 4. cxd5 exd5 5. Bg5 Be7 6. e3 c6 7. Bd3 Nbd7 8. Qc2 O-O 9. Nf3 Re8 10. O-O Nf8 11. h3 Ne4 12. Bf4 Ng5 13. Bxg5 Bxg5 14. b4 a6 15. a4 Ng6 16. Bf5 Qf6 17. Bxc8 Raxc8 18. b5 cxb5 19. Qb2 bxa4 20. Nxd5 Qf5 21. Qxb7 Rb8 22. Qc6 Rbc8 23. Nc7 Re7 24. Qd5 Qd3 25. Rfd1 Qb3 26. Rab1 Qa3 27. Nxa6 Bxe3 28. fxe3 Qxe3+ 29. Kh1 Nf4 30. Qf5 Re6 31. Re1 Ne2 32. Kh2 Qf2 33. Rxe2 Qxe2 34. Ng5 Rec6 35. Qxh7+ Kf8 36. Rb7 R6c7 37. Nxc7 Qd2 38. Nd5 1-0

[Event "11th LCC FIDE Open 2019"]
[Site "London"]
[Date "2019.12.04"]
[Round "7.23"]
[White "Cox, John J"]
[Black "Makkar, Rajat"]
[Result "1-0"]
[ECO "A34"]
[WhiteElo "2306"]
[BlackElo "2125"]
[Annotator "NA"]
[PlyCount "41"]
[EventDate "2019.11.29"]
[EventType "swiss"]
[EventCountry "ENG"]
[SourceTitle "playchess.com"]
[Source "ChessBase"]
[SourceQuality "1"]
[TimeControl "40/5400+30:1800+30"]

1. c4 c5 2. g3 Nf6 3. Bg2 d5 4. cxd5 Nxd5 5. Nc3 Nc7 6. Nf3 Nc6 7. a3 e5 8. b4 cxb4 9. axb4 f6 10. b5 Nd4 11. b6 axb6 12. Rxa8 Nxa8 13. Nxd4 Qxd4 14. Qc2 Bc5 15. O-O O-O 16. Qa2+ Kh8 17. Qxa8 Bb4 18. Qa2 Bxc3 19. dxc3 Qxc3 20. Be3 b5 21. Rc1 1-0